 Dungeon Crawl Stone Soup version 0.27-a0-1105-g946c659c87 (webtiles) character file.

Game seed: 5300283993994554226

49 DarkShadow the Shield-Bearer (level 3, -12/33 HPs)
             Began as a Minotaur Fighter on Apr 29, 2021.
             Mangled by an ogre
             ... wielding a +0 giant club
              (14 damage)
             ... on level 2 of the Dungeon.
             The game lasted 00:01:37 (1385 turns).

DarkShadow the Shield-Bearer (Minotaur Fighter)     Turns: 1385, Time: 00:01:37

Health: -12/33     AC:  7    Str: 21    XL:     3   Next: 51%
Magic:  2/2        EV:  7    Int:  5    God:
Gold:   74         SH:  9    Dex:  9    Spells: 2/2 levels left

rFire    . . .     SeeInvis .   a - +0 long sword
rCold    . . .     Faith    .   c - +0 kite shield
rNeg     . . .     Spirit   .   b - +0 scale mail
rPois    .         Reflect  .   (helmet restricted)
rElec    .         Harm     .   (no cloak)
rCorr    .         Rampage  .   (no gloves)
Will     .....                  (no boots)
Stlth    ..........             (no amulet)
HPRegen  0.11/turn              (no ring)
MPRegen  0.08/turn              (no ring)

@: no status effects
A: horns 2, retaliatory headbutt
a: no special abilities


You were on level 2 of the Dungeon.
You visited 1 branch of the dungeon, and saw 2 of its levels.

You collected 74 gold pieces.

Inventory:

Hand Weapons
 a - a +0 long sword (weapon)
Armour
 b - a +0 scale mail (worn)
 c - a +0 kite shield (worn)
Jewellery
 l - a ring of protection from fire
Scrolls
 h - a scroll of noise {unknown}
 i - a scroll of magic mapping {unknown}
 j - a scroll of fog {unknown}
 k - a scroll of amnesia {unknown}
 m - a scroll of identify {unknown}
Potions
 d - 3 potions of might
 e - 2 potions of flight {unknown}
 f - 2 potions of brilliance {unknown}
 g - a potion of heal wounds {unknown}


   Skills:
 + Level 4.2 Fighting
 + Level 2.9 Long Blades
 + Level 4.1 Armour
 + Level 4.3 Shields


You had 2 spell levels left.
You didn't know any spells.
Your spell library was empty.

Dungeon Overview and Level Annotations

Branches:
Dungeon (2/15)

Altars:
Qazlal

Shops:
D:2 *(


Innate Abilities, Weirdness & Mutations

You have a pair of horns on your head.
You reflexively headbutt those who attack you in melee.


Message History

An ogre comes into view. It is wielding a +0 giant club.
The ogre shouts!
A rat comes into view.
The ogre hits you with a +0 giant club!
You completely miss the ogre. The ogre barely misses you.
Your shield prevents you from hitting the ogre.
You headbutt the ogre!
The ogre is moderately wounded.
You block the ogre's attack.
You slash the ogre!
The ogre is heavily wounded.
The ogre hits you with a +0 giant club!
* * * LOW HITPOINT WARNING * * *
The rat bites you but does no damage.
You are too injured to fight recklessly!
You are too injured to fight recklessly!
You are too injured to fight recklessly!
You are too injured to fight recklessly!
You are too injured to fight recklessly!
You are too injured to fight recklessly!
You are too injured to fight recklessly!
You are too injured to fight recklessly!
You are too injured to fight recklessly!
You are too injured to fight recklessly!
You barely miss the ogre.
The ogre is heavily wounded.
You block the ogre's attack. The rat barely misses you.
You closely miss the ogre.
You headbutt the ogre, but do no damage.
The ogre is heavily wounded.
The rat completely misses you. The ogre closely misses you.
The rat bites you but does no damage.
You hit the ogre but do no damage. You headbutt the ogre!
The ogre is almost dead.
You block the ogre's attack. The rat barely misses you.
Your shield prevents you from hitting the ogre.
You headbutt the ogre.
The ogre is almost dead.
The ogre hits you with a +0 giant club!
You die...

#..........##
+............
##########..........##
#...................#
#............###....#
#............# #....##
#............# #......
#............# #......
#...O@.......# #......
#...r........######...
........!......#........
...............#........
.......#########........
....... #........
....... #........
....... #........
#........


You could see an ogre and a rat.

Vanquished Creatures
  An adder (D:2)
  2 dart slugs (D:1)
  2 bats (D:2)
  4 endoplasms
  A giant cockroach (D:1)
  3 goblins (D:1)
  A hobgoblin (D:1)
  4 jackals (D:2)
  3 kobolds
  A quokka (D:2)
  5 ball pythons
  A frilled lizard (D:2)
  2 rats (D:1)
30 creatures vanquished.

Notes
Turn   | Place    | Note
-------+----------+-------------------------------------------
     0 | D:1      | DarkShadow the Minotaur Fighter began the quest for the
                  | Orb.
     0 | D:1      | Reached XP level 1. HP: 19/19 MP: 0/0
   212 | D:1      | Reached XP level 2. HP: 25/27 MP: 1/1
   259 | D:1      | Found a faded altar of an unknown god.
   990 | D:2      | Reached XP level 3. HP: 30/33 MP: 2/2
  1069 | D:2      | Found Faestrio's Assorted Antiques.
  1185 | D:2      | Found a stormy altar of Qazlal.
  1190 | D:2      | Found Zougox's Antique Weapon Boutique.
  1375 | D:2      | Noticed an ogre
  1385 | D:2      | Mangled by an ogre

Illustrated notes

Levels and vault maps discovered:
D:1:      dpeg_arrival_arbitrary_a, layout_basic,
          shapermc_ecumenical_altar_flowoftime, minmay_tromino_v2
D:2:      layout_basic, serial_shops, nicolae_shop_crystal, shop, basic_altar

Skill      XL: |  1  2 |
---------------+-------+-----
Fighting       | 4 |  4.2
Shields        | 4 |  4.3
Armour         | 4 |  4.1
Long Blades    | |  2.9

Action                   || total
-------------------------++-------
Melee: Long sword        ||    79
       Headbutt          ||    13
Armor: Scale mail        ||    53
Dodge: Dodged            ||    29
Block: Kite shield       ||    43
       Rpst.: Long sword ||     8

Table legend: (Time is in decaauts)
 A = Elapsed time spent in this place.
 B = Non-inter-level travel time spent in this place.
 C = Inter-level travel time spent in this place.
 D = Time resting spent in this place.
 E = Time spent auto-exploring this place.
 F = Levels seen in this place.
 G = Mean time per level.
                   A        B        C        D        E       F      G
               +--------+--------+--------+--------+--------+-----+--------+
         Total |   1421 |   1397 |     24 |      0 |   1193 |   2 |  710.5 |
       Dungeon |   1421 |   1397 |     24 |      0 |   1193 |   2 |  710.5 |
               +--------+--------+--------+--------+--------+-----+--------+

Top non-repeatable levels by time:
     D:1: 830 daAuts
     D:2: 591 daAuts
